 Dungeon Crawl Stone Soup version 0.22.1-2-g9c5b331 (webtiles) character file.

78 teukkam the Covered (level 4, -5/36 HPs)
             Began as a Minotaur Fighter on Nov 23, 2018.
             Was a Follower of Hepliaklqana.
             Killed by divine providence
             ... invoked by an orc priest
              (9 damage)
             ... on level 3 of the Dungeon.
             The game lasted 00:05:02 (681 turns).

teukkam the Covered (Minotaur Fighter)               Turns: 681, Time: 00:05:03

Health: -5/36      AC:  7    Str: 22    XL:     4   Next: 15%
Magic:  3/3        EV:  7    Int:  3    God:    Hepliaklqana [*.....]
Gold:   59         SH:  9    Dex:  9    Spells: 3/3 levels left

rFire    . . .     SeeInvis .   a - +0 dagger (venom)
rCold    . . .     Gourm    .   c - +0 shield
rNeg     . . .     Faith    .   i - +0 scale mail
rPois    .         Spirit   .   (helmet restricted)
rElec    .         Reflect  .   (no cloak)
rCorr    .         Harm     .   (no gloves)
MR       .....                  (no boots)
Stlth    ..........             (no amulet)
HPRegen  0.12/turn              k - ring of wizardry
MPRegen  0.08/turn              n - -2 ring of intelligence (curse)

@: no status effects
A: retaliatory headbutt, reduced essence, horns 2
a: Recall Ancestor, Ancestor Identity, Renounce Religion


You were on level 3 of the Dungeon.
You worshipped Hepliaklqana.
Hepliaklqana was aware of your devotion.
You were not hungry.

You visited 1 branch of the dungeon, and saw 3 of its levels.

You collected 59 gold pieces.

Inventory:

Hand Weapons
 a - a +0 dagger of venom (weapon)
 b - a +0 hunting sling
 g - a +0 blowgun
 m - a +0 war axe
Missiles
 h - 5 poisoned needles
 j - 27 stones (quivered)
Armour
 c - a +0 shield (worn)
 i - a +0 scale mail (worn)
Jewellery
 k - a ring of wizardry (left hand)
 n - a cursed -2 ring of intelligence (right hand)
Potions
 d - a potion of might
 e - a potion of curing
Comestibles
 f - 4 rations
 l - 2 chunks of flesh


   Skills:
 - Level 4.1 Fighting
 + Level 1.0 Short Blades
 - Level 3.0 Axes
 + Level 1.1 Slings
 + Level 4.3 Armour
 + Level 4.3 Shields


You had 3 spell levels left.
You didn't know any spells.
Your spell library was empty.

Dungeon Overview and Level Annotations

Branches:
Dungeon (3/15)

Altars:
Gozag
Hepliaklqana


Innate Abilities, Weirdness & Mutations

You reflexively headbutt those who attack you in melee.
You have a pair of horns on your head.
Your life essence is reduced to manifest your ancestor. (-10% HP)


Message History

Your +0 dagger of venom begins to drip with poison!
a - a +0 dagger of venom (weapon)
Synnove hits the orc.
The orc dies!
An orc priest comes into view. It is wielding a hand axe.
The orc priest calls down the wrath of Beogh upon Synnove.
Synnove is smitten.
The orc priest invokes the aid of Beogh against you.
Pain shoots through your body!
Wield which item (- for none, * to show all)? (? for menu, Esc to quit)
Your +0 dagger of venom stops dripping with poison.
g - a +0 blowgun (weapon)
The orc priest invokes the aid of Beogh against you.
Beogh smites you!
* * * LOW HITPOINT WARNING * * *
Your +0 dagger of venom begins to drip with poison!
a - a +0 dagger of venom (weapon)
The orc priest calls down the wrath of Beogh upon you.
Beogh smites you!
You die...

.........#..# #...
........#.#.#.#... #...
#.#.#.#.#.#.#.#..# .... .....
............ #.. #...#
..#...#....#
....(o.#(..#...#....)
##.#(R.#(..#..##..#.# .
#....................
#..#...#.##..#@..#......##..###
.#..#...#.##..#...#(..#......###
................)...............
.
...............................
#.
#..............##..#...##.....
.. #............รท.# ..#...
#..### ...#.#...#.#...#..##..#.
#..# ...#....................
#..## ...........#...#.###..#.
#...##


You could see the friendly Synnove the ancestor and an orc priest.

Vanquished Creatures
  Natasha (D:3)
  An adder (D:3)
  A worm (D:2)
  2 dart slugs
  A leopard gecko (D:3)
  2 orcs (D:3)
  A giant cockroach (D:3)
  3 goblins
  3 hobgoblins
  2 kobolds
  A quokka (D:2)
  A ball python (D:2)
  A bat (D:2)
  A rat (D:1)
21 creatures vanquished.

Vanquished Creatures (collateral kills)
  An adder (D:3)
  An orc (D:3)
  A kobold (D:3)
  A goblin (D:3)
4 creatures vanquished.

Vanquished Creatures (others)
  An ancestor (D:3)
1 creature vanquished.

Grand Total: 26 creatures vanquished

Notes
Turn   | Place    | Note
-------+----------+-------------------------------------------
     0 | D:1      | teukkam the Minotaur Fighter began the quest for the Orb.
     0 | D:1      | Reached XP level 1. HP: 19/19 MP: 0/0
    77 | D:2      | Reached XP level 2. HP: 21/27 MP: 1/1
   128 | D:2      | Found an opulent altar of Gozag.
   149 | D:3      | Found a faded altar of an unknown god.
   160 | D:3      | Became a worshipper of Hepliaklqana the Forgotten
   160 | D:3      | Reached * piety under Hepliaklqana
   557 | D:3      | Reached XP level 3. HP: 17/29 MP: 2/2
   629 | D:3      | Noticed Natasha
   637 | D:3      | Killed Natasha
   637 | D:3      | Reached skill level 1 in Slings
   643 | D:3      | Reached skill level 1 in Short Blades
   643 | D:3      | Reached XP level 4. HP: 17/36 MP: 3/3
   681 | D:3      | Killed from afar by an orc priest

Skill      XL: |  1  2  3 |
---------------+----------+-----
Fighting       | 4 |  4.1
Armour         | 4 |  4.3
Shields        | 4 |  4.3
Axes           | 3 |  3.0
Slings         | 1 |  1.1
Short Blades   | 1 |  1.0

Action                   |  1- 3 |  4- 6 || total
-------------------------+-------+-------++-------
Melee: War axe           |    42 |       ||    42
       Headbutt          |     4 |       ||     4
       Dagger            |     7 |       ||     7
 Fire: Blowgun           |     2 |       ||     2
       Hunting sling     |     8 |     1 ||     9
Invok: Ancestor Identity |     1 |       ||     1
  Use: Scroll            |     1 |       ||     1
       Potion            |     1 |       ||     1
Armor: Scale mail        |    25 |       ||    25
Dodge: Dodged            |    17 |       ||    17
Block: Shield            |    37 |       ||    37
